 Dungeon Crawl Stone Soup version 0.28.0-53-g5a82cb258f (webtiles) character file.

Game seed: 6860810440786631030

161 cbfl8 the Chopper (level 5, -1/42 HPs)
             Began as a Formicid Berserker on Aug 15, 2022.
             Was a Believer of Trog.
             Slain by an iguana (4 damage)
             ... on level 2 of the Dungeon.
             The game lasted 00:05:25 (2795 turns).

cbfl8 the Chopper (Formicid Berserker)              Turns: 2795, Time: 00:05:25

Health: -1/42      AC:  5    Str: 22    XL:     5   Next: 70%
Magic:  5/5        EV: 12    Int:  6    God:    Trog [**....]
Gold:   108        SH:  0    Dex: 12    Spells: 4/4 levels left

rFire   . . .      SeeInvis +   a - +0 hand axe
rCold   + . .      Faith    .   (no shield)
rNeg    . . .      Spirit   .   c - +0 leather armour
rPois   .          Reflect  .   (helmet unavailable)
rElec   .          Harm     .   (no cloak)
rCorr   .          Rampage  .   e - +1 pair of gloves
Will    ++...                   (no boots)
Stlth   +.........              (no amulet)
HPRegen 1.14/turn               i - ring of protection from cold
MPRegen 0.09/turn               (no ring)

@: strong-willed, regenerating
A: permanent stasis, dig shafts and tunnels, antennae 3, four strong arms
a: Dig, Shaft Self, Renounce Religion, Trog's Hand


You were on level 2 of the Dungeon.
You worshipped Trog.
Trog was pleased with you.
You visited 1 branch of the dungeon, and saw 4 of its levels.

You collected 108 gold pieces.

Inventory:

Hand Weapons
 a - a +0 hand axe (weapon)
Missiles
 k - a throwing net
 m - a stone
Armour
 c - a +0 leather armour (worn)
 e - a +1 pair of gloves (worn)
Jewellery
 i - a ring of protection from cold (left hand)
Scrolls
 g - a scroll of immolation
 h - a scroll of enchant armour
 p - 2 scrolls of teleportation {unknown}
Potions
 d - a potion of lignification {unknown}
 f - 2 potions of brilliance
 j - a potion of berserk rage {unknown}
 l - a potion of might {unknown}
 n - a potion of flight {unknown}
 o - a potion of haste {unknown}


   Skills:
 * Level 4.1 Fighting
 * Level 4.7 Axes
 + Level 2.5 Armour
 + Level 2.2 Dodging
 + Level 0.7 Stealth
 * Level 1.5 Evocations


You had 4 spell levels left.
You didn't know any spells.
Your spell library was empty.

Dungeon Overview and Level Annotations

Branches:
Dungeon (4/15)
 Temple: D:4-7

Altars:
Elyvilon

Shops:
D:3 ?


Innate Abilities, Weirdness & Mutations

You cannot be hasted, slowed, berserked, paralysed or teleported.
You can dig through walls and to a lower floor.
You have a pair of large antennae on your head. (SInv)
Your four strong arms can wield two-handed weapons with a shield.


Message History

The iguana hisses menacingly.
The iguana barely misses you. The adder bites you.
The iguana barely misses you.
You hit the adder.
You kill the adder!
Trog accepts your kill.
You hit the iguana but do no damage. The iguana closely misses you.
You closely miss the iguana. The iguana closely misses you.
You closely miss the iguana. The iguana closely misses you.
You hit the iguana.
The iguana is lightly wounded.
The iguana bites you but does no damage.
You barely miss the iguana.
The iguana is lightly wounded.
The iguana bites you!
You closely miss the iguana.
The iguana is lightly wounded.
The iguana closely misses you.
You hit the iguana but do no damage.
The iguana is lightly wounded.
The iguana bites you!
You barely miss the iguana.
The iguana is lightly wounded.
The iguana barely misses you.
Your skin crawls.
You feel strong-willed. The iguana bites you.
You hit the iguana.
The iguana is lightly wounded.
The iguana bites you!
You hit the iguana.
The iguana is moderately wounded.
The iguana bites you.
* * * LOW HITPOINT WARNING * * *
You barely miss the iguana.
The iguana is moderately wounded.
The iguana bites you!
* * * LOW HITPOINT WARNING * * *
The iguana bites you.
You die...

###### #....# ######## #....#
#......# #....# #......##
######....###.......##########
#>...'........................
#.####....###@l..............$
#.# #....# #†.....#.....l....
#.# #....# #......#..........
#.# #....# #......#..........
#.# ###### ########..$...[...
#.. {+.......... ###
#.......... ...........
...........


You could see an iguana.

Vanquished Creatures
  A necrophage (D:3)
  2 adders
  4 dart slugs
  5 ball pythons
  3 endoplasms
  2 giant cockroaches (D:1)
  3 goblins
  6 hobgoblins
  4 jackals (D:1)
  2 quokkas
  6 bats
  2 frilled lizards (D:2)
  2 kobolds
  3 rats
  A bush (D:1)
  A butterfly (D:1)
47 creatures vanquished.

Notes
Turn   | Place    | Note
-------+----------+-------------------------------------------
     0 | D:1      | cbfl8 the Formicid Berserker began the quest for the Orb.
     0 | D:1      | Reached XP level 1. HP: 18/18 MP: 1/1
   184 | D:1      | You fall into a shaft and drop 1 floor!
   263 | D:1      | Reached XP level 2. HP: 23/24 MP: 2/2
   662 | D:1      | Reached XP level 3. HP: 30/30 MP: 3/3
   780 | D:1      | Reached ** piety under Trog
  1842 | D:2      | HP: 1/30 [iguana (12)]
  1844 | D:2      | You fall into a shaft and drop 2 floors!
  1852 | D:3      | Noticed a necrophage
  2008 | D:4      | Reached XP level 4. HP: 37/37 MP: 4/4
  2123 | D:4      | Noticed a centaur
  2123 | D:4      | Noticed an ogre
  2148 | D:3      | Killed a necrophage
  2149 | D:3      | Reached skill level 1 in Evocations
  2149 | D:3      | Reached XP level 5. HP: 15/42 MP: 5/5
  2644 | D:3      | Found a white marble altar of Elyvilon.
  2692 | D:3      | Found Caekocs's Magic Scroll Shop.
  2795 | D:2      | Slain by an iguana

Illustrated notes

Levels and vault maps discovered:
D:1:      dpeg_arrival_tiny_f, layout_rooms, serial_aquarium,
          aquarium_bridge_straight [aquarium_subvault_bridge,
          aquarium_subvault_balcony, aquarium_subvault_bridge,
          aquarium_subvault_wall], aquarium_bridge_square
          [aquarium_subvault_bridge, aquarium_subvault_bridge,
          aquarium_subvault_wall, aquarium_subvault_balcony], aquarium_window_1,
          aquarium_window_corner, aquarium_view_2e, aquarium_view_2d,
          aquarium_pool_2
D:2:      layout_basic, st_stairs_12, interstate_on_off
D:3:      wad_lake_hut, layout_loops_ring, lemuel_coloured_pillars_altar,
          old_standard_altar, serial_shops, shop, shapermc_ecumenical_altar_gd,
          hangedman_decor_clover_reticule
D:4:      minmay_octagon_keep, layout_basic, serial_shops, nicolae_diamond_shop,
          sigmund_army

Skill      XL: |  1  2  3  4 |
---------------+-------------+-----
Axes           | 4 |  4.7
Fighting       | 4 |  4.1
Dodging        | 2 |  2.2
Evocations     | 1 |  1.5
Armour         | |  2.5
Stealth        | |  0.7

Action                   |  1- 3 |  4- 6 || total
-------------------------+-------+-------++-------
Melee: Hand axe          |   244 |    51 ||   295
       Punch             |     5 |       ||     5
Invok: Trog's Hand       |       |     2 ||     2
 Abil: Shaft Self        |     2 |       ||     2
       Dig               |     3 |       ||     3
  Use: Potion            |     3 |       ||     3
       Scroll            |     1 |     1 ||     2
 Stab: Sleeping          |     1 |       ||     1
Armor: Animal skin       |    16 |       ||    16
       Leather armour    |     8 |    18 ||    26
Dodge: Dodged            |    92 |    36 ||   128
